 Dungeon Crawl Stone Soup version 0.13.0-11-g0187522 (webtiles) character file.

226 Leibowitz the Skirmisher (level 4, -4/29 HPs)
             Began as a Kobold Fighter on Oct 18, 2013.
             Slain by Malachi's ghost (9 damage)
             ... on Level 3 of the Dungeon.
             The game lasted 00:07:14 (2240 turns).

Leibowitz the Skirmisher (Kobold Fighter)           Turns: 2240, Time: 00:07:14

HP  -4/29        AC  3     Str 15      XL: 4   Next: 65%
MP   3/3         EV 14     Int  6      God:
Gold 146         SH 11     Dex 15      Spells:  0 memorised,  3 levels left

Res.Fire  : . . .   See Invis. : .   j - +2,+4 dwarf short sword (venom)
Res.Cold  : . . .   Warding    : .   i - +0 elf robe
Life Prot.: . . .   Conserve   : .   c - +0 buckler
Res.Poison: .       Res.Corr.  : .   (no helmet)
Res.Elec. : .       Clarity    : .   l - +0 cloak
Sust.Abil.: . .     Spirit.Shd : .   (no gloves)
Res.Mut.  : .       Stasis     : .   (no boots)
Res.Rott. : .       Flight     : .   o - amulet of inaccuracy {unknown}
Saprovore : + + .                    (no ring)
                                     (no ring)

@: slightly resistant to hostile enchantments, fairly stealthy
A: disease resistance, blink 1, carnivore 3, saprovore 2
a: Blink


You were on level 3 of the Dungeon.
You were very full.

You visited 1 branch of the dungeon, and saw 3 of its levels.

You collected 126 gold pieces.

Inventory:

Hand weapons
 a - a +0,+0 short sword
 h - a +0,+2 dagger of speed (quivered)
 j - a +2,+4 dwarven short sword of venom (weapon)
 k - a +0,+2 dagger of pain
 t - a cursed -1,-2 elven dagger
Missiles
 e - 5 needles of confusion
 s - 30 poisoned needles
Armour
 c - a +0 buckler (worn)
 i - a +0 elven robe (worn)
 l - a +0 cloak (worn)
Comestibles
 d - a meat ration
Scrolls
 b - a scroll of fear {unknown}
 f - 3 scrolls of magic mapping {unknown}
 g - a scroll of blinking {unknown}
 m - 3 scrolls of enchant weapon II {unknown}
 n - 5 scrolls of remove curse {unknown}
 p - a scroll of noise {unknown}
 q - a scroll of identify {unknown}
 r - 4 scrolls of recharging {unknown}
 u - a scroll of enchant armour {unknown}
 v - a scroll of teleportation {unknown}
Jewellery
 o - an amulet of inaccuracy (around neck) {unknown}


   Skills:
 * Level 4.1 Fighting
 + Level 3.4 Short Blades
 + Level 2.5 Armour
 * Level 2.0 Dodging
 * Level 1.1 Stealth
 * Level 2.7 Shields


You had 3 spell levels left.
You didn't know any spells.

Dungeon Overview and Level Annotations

Branches:
Dungeon (3/27)

Altars:

Annotations:
D:3 Malachi's ghost, average CeTm


Innate Abilities, Weirdness & Mutations

You recuperate from illness quickly.
You are small and have problems with some larger weapons.
You are carnivorous and can eat meat at any time.
You can eat rotten meat.
You can translocate small distances at will.


Message History

Found a potion of curing.
Malachi's ghost hits you.
* * * LOW HITPOINT WARNING * * *
Malachi's ghost completely misses you.
You see here a potion of curing.
w - a potion of curing You block Malachi's ghost's attack.
Drink which item? (? for menu, Esc to quit)
You feel better.
Malachi's ghost screams, "They lied to you.
The Dungeon just goes down and down forever."
Malachi's ghost hits you!
* * * LOW HITPOINT WARNING * * *
You block Malachi's ghost's attack.
Malachi's ghost hits you but does no damage.
Found 10 darts.
Malachi's ghost closely misses you.
There is a stone staircase leading down here.
Malachi's ghost lets out a mournful wail.
Malachi's ghost hits you!
You die...

######## #####
###########......# .....
.........##......#......
########.##......#....(..
.........................
########.##.....p#.......
#.##.....@#......
#.##......#######
#.######.###....# #.# #.#
#....# #.# #.# #....#
#.######.###....# ######
#.#.............# .....#
#....###%###....# .....#
#....# #.# #....#


You could see Malachi's ghost.

Vanquished Creatures
  A hound (D:3)
  2 giant geckos (D:1)
  3 giant cockroaches
  6 hobgoblins
  7 kobolds
  7 bats
  4 giant newts
  11 goblins
  7 rats
48 creatures vanquished.

Notes
Turn   | Place    | Note
--------------------------------------------------------------
     0 | D:1      | Leibowitz, the Kobold Fighter, began the quest for the Orb.
     0 | D:1      | Reached XP level 1. HP: 14/14 MP: 0/0
   286 | D:1      | Reached XP level 2. HP: 19/19 MP: 1/1
   597 | D:1      | Reached skill level 1 in Dodging
   811 | D:1      | Reached XP level 3. HP: 24/24 MP: 2/2
  1234 | D:2      | Reached skill level 4 in Fighting
  1876 | D:3      | Reached XP level 4. HP: 29/29 MP: 3/3
  1894 | D:3      | Gained mutation: You can translocate small distances at will. [potion of beneficial mutation]
  1908 | D:3      | Reached skill level 1 in Stealth
  1940 | D:3      | Noticed Malachi's ghost (average CeTm)
  2240 | D:3      | Slain by Malachi's ghost

Action                   |  1- 3 |  4- 6 || total
-------------------------+-------+-------++-------
Melee: Dagger            |    49 |       ||    49
       Short sword       |    90 |    15 ||   105
  Use: Potion            |     5 |     2 ||     7
 Stab: Sleeping          |     3 |       ||     3
